 Dungeon Crawl Stone Soup version 0.28.0 (webtiles) character file.

Game seed: 10624316950901976990

16 SnakkuSnakku7 the Sneak (level 2, -2/17 HPs)
             Began as a Tengu Enchanter on Feb 5, 2022.
             Slain by an adder (4 damage)
             ... on level 4 of the Dungeon.
             The game lasted 00:01:14 (1011 turns).

SnakkuSnakku7 the Sneak (Tengu Enchanter)           Turns: 1011, Time: 00:01:15

Health: -2/17      AC:  5    Str:  8    XL:     2   Next: 58%
Magic:  6/6        EV: 10    Int: 15    God:
Gold:   69         SH:  0    Dex: 14    Spells: 5/5 levels left

rFire   . . .      SeeInvis .   a - +1 dagger
rCold   . . .      Faith    .   (no shield)
rNeg    . . .      Spirit   .   f - +0 ring mail
rPois   .          Reflect  .   (helmet restricted)
rElec   .          Harm     .   (no cloak)
rCorr   .          Rampage  .   (no gloves)
Will    .....                   (boots unavailable)
Stlth   ++........              (no amulet)
HPRegen 0.05/turn               (no ring)
MPRegen 0.10/turn               (no ring)

@: lethally poisoned (-2 -> -3)
A: beak, talons 3
a: no special abilities


You were on level 4 of the Dungeon.
You visited 1 branch of the dungeon, and saw 3 of its levels.

You collected 69 gold pieces.

Inventory:

Hand Weapons
 a - a +1 dagger (weapon)
Armour
 b - a +0 robe
 f - a +0 ring mail (worn)
Scrolls
 e - 3 scrolls of identify {unknown}
 g - a scroll of summoning {unknown}
Potions
 c - a potion of invisibility
 d - 2 potions of degeneration {unknown}


   Skills:
 + Level 2.1 Fighting
 - Level 1.1 Short Blades
 - Level 2.1 Dodging
 - Level 3.0 Stealth
 - Level 2.0 Spellcasting
 - Level 2.1 Hexes


You had 5 spell levels left.
You didn't know any spells.
Your spell library contained the following spells:

 Spells                   Type           Power      Damage    Failure   Level
 Ensorcelled Hibernation  Hex/Ice        8%         N/A       54%         2
 Confusing Touch          Hex            8%         N/A       63%         3
 Tukima's Dance           Hex            8%         N/A       63%         3
 Dazzling Flash           Conj/Hex       8%         N/A       78%         3


Dungeon Overview and Level Annotations

Branches:
Dungeon (2/15)

Altars:


Innate Abilities, Weirdness & Mutations

You have a beak for a mouth.
You have claws for feet.


Message History

The adder bites you.
You are poisoned.
The adder poisons you!
You hit the adder. Your peck misses the adder.
The adder is moderately wounded.
You feel sick. The adder bites you but does no damage.
You hit the adder.
The adder is heavily wounded.
You feel sick. The adder bites you but does no damage.
You hit the adder. Your peck misses the adder.
The adder is severely wounded.
You feel sick. The adder barely misses you. The adder closely misses you.
You hit the adder but do no damage. Your peck misses the adder.
The adder is severely wounded.
You feel sick. The adder bites you.
You are more poisoned.
The adder poisons you!
You miss the adder. You peck the adder.
The adder is severely wounded.
You feel sick. The adder closely misses you.
You are too injured to fight recklessly!
You hit the adder.
The adder is almost dead.
You feel sick. The adder bites you but does no damage.
You hit the adder. Your kick misses the adder.
The adder is almost dead.
The adder closely misses you.
You miss the adder. Your peck misses the adder.
The adder is almost dead.
You feel sick. The adder bites you.
* * * LOW HITPOINT WARNING * * *
You barely miss the adder. Your kick misses the adder.
The adder is almost dead.
* * * LOW HITPOINT WARNING * * *
You feel sick.
The adder bites you but does no damage. x2
You hit the adder but do no damage. Your kick misses the adder.
The adder is almost dead.
* * * LOW HITPOINT WARNING * * *
You feel sick. The adder bites you.
You die...

.... ......# .....
##.....##
##...##.......###
................ .
...............##..
.................
#...............
#######...S..#....
##...@##....
#...........
#...##.....# #...#
...... #..... ....#
#.#.........
###.........
.......... ........


You could see an adder.

Vanquished Creatures
  A dart slug (D:2)
  2 endoplasms (D:1)
  A hobgoblin (D:1)
  2 kobolds (D:1)
  4 quokkas (D:1)
  2 frilled lizards (D:1)
  A rat (D:1)
13 creatures vanquished.

Vanquished Creatures (others)
  3 demonic plants (D:1)
3 creatures vanquished.

Grand Total: 16 creatures vanquished

Notes
Turn   | Place    | Note
-------+----------+-------------------------------------------
     0 | D:1      | SnakkuSnakku7 the Tengu Enchanter began the quest for the
                  | Orb.
     0 | D:1      | Reached XP level 1. HP: 10/10 MP: 4/4
    89 | D:1      | Reached skill level 1 in Fighting
   333 | D:1      | Reached XP level 2. HP: 16/16 MP: 6/6
   757 | D:1      | Found a faded altar of an unknown god.
   992 | D:2      | You fall into a shaft and drop 2 floors!
  1011 | D:4      | Slain by an adder

Illustrated notes

Levels and vault maps discovered:
D:1:      minmay_arrival_semitransparent, layout_basic,
          shapermc_ecumenical_altar_gd
D:2:      layout_rooms, minmay_tetromino_l4
D:4:      layout_cave_pools, led_sif_pool, chequers_serial_rivers_micro_d,
          uniq_ijyb, uniq_sigmund

Skill      XL: |  1  2 |
---------------+-------+-----
Fighting       | 1 2 |  2.1
Short Blades   | |  1.1
Dodging        | |  2.1
Stealth        | |  3.0
Spellcasting   | |  2.0
Hexes          | |  2.1

Action                   || total
-------------------------++-------
Melee: Dagger            ||    51
       Kick              ||    10
       Peck              ||     8
       Punch             ||     1
 Stab: Sleeping          ||     5
Armor: Robe              ||     4
       Ring mail         ||     6
Dodge: Dodged            ||    21
